 Dungeon Crawl Stone Soup version 0.24.0-13-gcf9b3192b9 (console) character file.

Game seed: 17596007291288584785, levelgen mode: deterministic

15169 AlterAsc the Grappler (level 12, -6/65 HPs)
             Began as a Vine Stalker Transmuter on Nov 9, 2019.
             Was a Follower of Ashenzari.
             Killed from afar by an ice dragon (12 damage)
             ... with a blast of cold
             ... on level 11 of the Dungeon.
             The game lasted 00:31:53 (9303 turns).

AlterAsc the Grappler (Vine Stalker Transmuter)     Turns: 9303, Time: 00:31:54

Health: -6/65      AC:  9    Str: 18    XL:     12   Next: 24%
Magic:  0/24       EV: 12    Int: 13    God:    Ashenzari [*.....]
Gold:   153        SH:  0    Dex: 15    Spells: 17/25 levels left

rFire    + . .     SeeInvis +     - Unarmed
rCold    . . .     Gourm    +   (no shield)
rNeg     . . .     Faith    .   x - +3 leather armour
rPois    .         Spirit   +   Q - +1 hat {SInv}
rElec    .         Reflect  .   (no cloak)
rCorr    .         Harm     .   m - +0 pair of gloves
MR       ++...                  F - +0 pair of boots
Stlth    +.........             K - amulet of the gourmand (curse)
HPRegen  1.00/turn              H - ring of protection from fire (curse)
MPRegen  0.19/turn              N - ring of protection from magic

@: no status effects
A: fangs 3, regeneration 2, magic shield, antimagic bite, no potion heal 3, rot
immunity
a: Curse Item, Scrying, Renounce Religion


You were on level 11 of the Dungeon.
You worshipped Ashenzari.
Ashenzari was aware of your devotion.
You were completely stuffed.

You visited 2 branches of the dungeon, and saw 12 of its levels.

You collected 543 gold pieces.
You spent 390 gold pieces at shops.

Inventory:

Missiles
 a - 218 arrows
 O - 2 throwing nets (quivered)
Armour
 m - a +0 pair of gloves (worn)
 x - a +3 leather armour (worn)
 F - a +0 pair of boots (worn)
 P - a +2 chain mail of cold resistance
 Q - a +1 hat of see invisible (worn)
 S - +0 steam dragon scales
Jewellery
 f - an uncursed ring of resist corrosion
 B - an uncursed ring of stealth
 H - a cursed ring of protection from fire (left hand)
 K - a cursed amulet of the gourmand (around neck)
 L - a -3 ring of dexterity
 N - a ring of protection from magic (right hand)
Wands
 b - a wand of random effects (11)
 G - a wand of acid (10)
 T - a wand of paralysis (9)
Scrolls
 e - a scroll of immolation
 g - 6 scrolls of remove curse
 h - a scroll of noise
 i - 3 scrolls of fog
 j - 4 scrolls of teleportation
 r - 3 scrolls of fear
 y - 4 scrolls of enchant weapon
 C - 2 scrolls of random uselessness
 I - a scroll of blinking
 J - 3 scrolls of magic mapping
 M - a scroll of enchant armour
Potions
 c - a potion of resistance
 o - a potion of mutation {unknown}
 q - 2 potions of degeneration
 s - 3 potions of might
 t - a potion of flight {unknown}
 u - 2 potions of berserk rage
 v - 6 potions of curing
 w - 2 potions of ambrosia {unknown}
 z - 3 potions of heal wounds {unknown}
 A - a potion of invisibility {unknown}
 D - 4 potions of haste
Comestibles
 d - 22 rations
 k - 5 chunks of flesh


   Skills:
 + Level 8.2 Fighting
 - Level 3.0 Armour
 - Level 2.0 Dodging
 * Level 12.6 Unarmed Combat
 - Level 7.3 Spellcasting
 - Level 8.5 Transmutations
 + Level 3.3 Evocations


You had 17 spell levels left.
You knew the following spells:

 Your Spells              Type           Power        Failure   Level  Hunger
a - Beastly Appendage     Tmut           ####..       1%          1    None
b - Sticks to Snakes      Tmut           ####....     1%          2    #......
c - Blade Hands           Tmut           ####......   14%         5    ######.

Your spell library contained the following spells:

 Spells                   Type           Power        Failure   Level  Hunger
 Spider Form              Tmut/Pois      ###.......   9%          3    ##.....
 Ensorcelled Hibernation  Hex/Ice        #.....       26%         2    #......
 Ice Form                 Ice/Tmut       ###.....     30%         4    ####...
 Borgnjor's Vile Clutch   Necr/Erth      #.........   99%         5    ######.
 Silence                  Hex/Air        #.........   99%         5    ######.
 Darkness                 Hex            #.........   100%        6    #######
 Shadow Creatures         Summ           N/A          100%        6    #######


Dungeon Overview and Level Annotations

Branches:
Dungeon (11/15)            Temple (1/1) D:7            Lair (0/6) D:11
    Orc: D:9-12

Altars:
Ashenzari
Cheibriados
Dithmenos
Elyvilon
Fedhas
Gozag
Hepliaklqana
Kikubaaqudgha
Makhleb
Nemelex Xobeh
Okawaru
Qazlal
Ru
Sif Muna
Trog
Uskayaw
Vehumet
Wu Jian
Xom
Yredelemnul
Zin
The Shining One

Shops:
D:5 =   D:6 !   D:11 %

Annotations:
D:11 exclusion: oklob plant


Innate Abilities, Weirdness & Mutations

You have razor-sharp teeth.
You heal very quickly.
When hurt, damage is shared between your health and your magic reserves.
Your bite disrupts and absorbs the magic of your enemies.
Potions cannot restore your health.
You are immune to rotting.


Message History

The sphinx barely misses you.
Press: ? - help, v - describe, . - travel
Here: a sphinx (severely wounded)
The floor, spattered with blood.
You hit the sphinx but do no damage. You bite the sphinx!
The sphinx's magic leaks into the air.
You drain its magic.
You feel invigorated.
The sphinx is severely wounded.
You punch the sphinx! You bite the sphinx.
The sphinx's magic leaks into the air.
You drain its magic.
You feel invigorated.
The sphinx is almost dead.
The sphinx hits you but does no damage. x2; The sphinx hits you.
* * * LOW HITPOINT WARNING * * *
You punch the sphinx!
You kill the sphinx!
Your Evocations skill increases to level 3!
The ice dragon breathes frost at you. The blast of cold hits you!!
You die...

###....# #......# ...
#......# .....
#......#####
.....#####...........
....................
....................
#.......@.........
#......###D#####.
#......#.{##
#......#D##W#
#......##).##.#
#......#[##.#.#.#
#......##.##(#!#
#######.......###
#)## #...............
##


You could see an ice dragon.

Vanquished Creatures
  Gastronok (D:9)
  A sphinx (D:11)
  Harold (D:7)
  2 two-headed ogres (D:11)
  Nergalle (D:11)
  An unseen horror (D:10)
  A queen bee (shapeshifter) (D:10)
  A troll (D:9)
  Prince Ribbit (D:6)
  3 hippogriffs
  12 yaks
  A steam dragon (D:10)
  3 hungry ghosts
  2 sky beasts
  3 orc warriors
  2 black bears
  An ice beast (D:11)
  9 ogres
  4 phantoms
  4 centaurs
  A big kobold (D:8)
  A wyvern zombie (D:10)
  13 bullfrogs
  A scorpion (D:10)
  14 killer bees
  3 howler monkeys
  A bullfrog zombie (D:5)
  A centaur zombie (D:10)
  4 crimson imps
  A quasit (D:8)
  A centaur skeleton (D:9)
  4 orc priests
  2 bullfrog skeletons
  A gnoll shaman (D:6)
  7 hounds
  2 jellies
  7 iguanas
  11 orc wizards
  7 worker ants
  2 human simulacra (D:9)
  3 hound skeletons
  7 gnolls
  19 adders
  3 shadow imps
  An ooze (D:3)
  3 worms
  5 dart slugs
  4 leopard geckos
  27 orcs
  2 ball pythons
  6 bats
  5 giant cockroaches
  11 goblins
  5 hobgoblins
  2 jackals (D:1)
  2 quokkas
  6 frilled lizards
  2 jackal skeletons
  13 kobolds
  2 leopard gecko skeletons
  2 quokka skeletons
  6 rats
274 creatures vanquished.

Vanquished Creatures (others)
  An adder (D:9)
  A shadow imp (D:9)
2 creatures vanquished.

Grand Total: 276 creatures vanquished

Notes
Turn   | Place    | Note
-------+----------+-------------------------------------------
     0 | D:1      | AlterAsc the Vine Stalker Transmuter began the quest for
                  | the Orb.
     0 | D:1      | Reached XP level 1. HP: 9/9 MP: 4/4
    53 | D:1      | Reached skill level 1 in Fighting
    82 | D:1      | Reached XP level 2. HP: 8/14 MP: 6/6
   112 | D:1      | Learned a level 2 spell: Sticks to Snakes
   599 | D:1      | Reached XP level 3. HP: 18/18 MP: 5/7
  1155 | D:2      | Gained mutation: Your natural rate of healing is unusually
                  | fast. [Vine Stalker growth]
  1155 | D:2      | Reached XP level 4. HP: 17/22 MP: 8/8
  1198 | D:2      | Reached skill level 4 in Unarmed Combat
  1206 | D:2      | Reached XP level 5. HP: 13/26 MP: 8/10
  1841 | D:3      | Reached XP level 6. HP: 23/30 MP: 9/11
  1936 | D:3      | Found a faded altar of an unknown god.
  2357 | D:3      | Found a burning altar of Makhleb.
  2533 | D:4      | Noticed a phantom
  2548 | D:4      | Killed a phantom
  2681 | D:4      | Noticed a phantom
  2710 | D:4      | Killed a phantom
  2710 | D:4      | Reached skill level 5 in Unarmed Combat
  2710 | D:4      | Reached XP level 7. HP: 35/35 MP: 11/13
  2750 | D:4      | Found a sparkling altar of Nemelex Xobeh.
  2811 | D:4      | Reached skill level 1 in Armour
  3203 | D:5      | Entered Level 5 of the Dungeon
  3337 | D:5      | Found Jauz's Jewellery Shoppe.
  3355 | D:5      | Reached skill level 5 in Transmutations
  3355 | D:5      | Gained mutation: You have razor-sharp teeth. [Vine Stalker
                  | growth]
  3355 | D:5      | Reached XP level 8. HP: 39/40 MP: 13/15
  3993 | D:6      | Reached skill level 6 in Unarmed Combat
  4018 | D:6      | Learned a level 5 spell: Blade Hands
  4204 | D:6      | Found a shimmering altar of Xom.
  4248 | D:6      | Noticed Prince Ribbit
  4260 | D:6      | Killed Prince Ribbit
  4410 | D:6      | Found a hide-covered altar of Uskayaw.
  4525 | D:6      | Found Farpho's Distillery.
  4791 | D:7      | Noticed a hippogriff
  4846 | D:6      | Reached XP level 9. HP: 42/45 MP: 12/17
  5080 | D:6      | Reached skill level 7 in Unarmed Combat
  5342 | D:7      | Reached skill level 5 in Spellcasting
  5488 | D:7      | Found a radiant altar of Vehumet.
  5489 | D:7      | Found a glowing silver altar of Zin.
  5637 | D:7      | Found a staircase to the Ecumenical Temple.
  5672 | Temple   | Entered the Ecumenical Temple
  5701 | Temple   | Became a worshipper of Ashenzari the Shackled
  6103 | D:7      | Noticed Harold
  6106 | D:7      | Found an ancient bone altar of Kikubaaqudgha.
  6116 | D:7      | Killed Harold
  6116 | D:7      | Reached skill level 8 in Unarmed Combat
  6116 | D:7      | Reached XP level 10. HP: 26/51 MP: 8/19
  6198 | D:7      | Reached skill level 5 in Fighting
  6754 | D:5      | Bought an uncursed amulet of the gourmand for 390 gold
                  | pieces
  6986 | D:8      | Reached skill level 9 in Unarmed Combat
  7154 | D:9      | Found a hazy altar of Hepliaklqana.
  7220 | D:9      | Found a white marble altar of Elyvilon.
  7543 | D:9      | Noticed Gastronok
  7556 | D:9      | Killed Gastronok
  7556 | D:9      | Reached skill level 10 in Unarmed Combat
  7556 | D:9      | Reached XP level 11. HP: 19/57 MP: 7/23
  7659 | D:9      | Found an iron altar of Okawaru.
  8034 | D:10     | Entered Level 10 of the Dungeon
  8175 | D:10     | Reached * piety under Ashenzari
  8242 | D:10     | Reached skill level 11 in Unarmed Combat
  8257 | D:10     | Noticed an unseen horror
  8262 | D:10     | Killed an unseen horror
  9034 | D:11     | Found Ykoczack's Food Emporium.
  9043 | D:11     | Found a staircase to the Lair.
  9044 | D:11     | Noticed an oklob plant
  9105 | D:11     | Reached skill level 1 in Evocations
  9149 | D:11     | Noticed Nergalle
  9157 | D:11     | Killed Nergalle
  9157 | D:11     | Reached skill level 12 in Unarmed Combat
  9191 | D:11     | Noticed a two-headed ogre
  9198 | D:11     | Killed a two-headed ogre
  9198 | D:11     | Gained mutation: You heal very quickly. [Vine Stalker
                  | growth]
  9198 | D:11     | Reached XP level 12. HP: 51/64 MP: 19/24
  9287 | D:11     | Noticed a sphinx
  9287 | D:11     | Noticed a two-headed ogre
  9292 | D:11     | Killed a two-headed ogre
  9292 | D:11     | Noticed an ice dragon
  9302 | D:11     | Killed a sphinx
  9303 | D:11     | Killed from afar by an ice dragon

Levels and vault maps discovered:
D:1:      saegor_arrival_simple_a, layout_loops_ring,
          chequers_serial_rivers_micro_d, serial_bayou_pond_b
D:2:      layout_basic, first_ration
D:3:      layout_basic, nicolae_overflow_hidden_temple,
          chequers_ecumenical_altar_island, makhleb_blood_cavern_becter
D:4:      layout_rooms, hangedman_decor_slide_cut, nemelex_spade_bored_becter
D:5:      layout_basic, serial_shops, nicolae_shop_competitors_out_of_business,
          guppyfry_early_lair_pool
D:6:      layout_loops_corners, lemuel_doored_altar,
          eat_drink_and_be_merry_uskayaw, serial_shops, shop,
          uniq_prince_ribbit1
D:7:      layout_loops_ring, chequers_temple_overflow_statue_of_worship,
          lemuel_coloured_pillars_altar, minmay_temple_entry_antechambers,
          grunt_ogre_cave, uniq_harold
D:8:      layout_rooms
D:9:      layout_long_grid, overflow_temple_1_default,
          overflow_temple_1_default, elyvilon_altar_1, bh_circular_ruins,
          uniq_gastronok
D:10:     layout_loops_ring
D:11:     minmay_glassy_protrusions, layout_irregular_city, dpeg_oklobed_lair,
          serial_shops, shop, hangedman_decor_points, uniq_nergalle
Temple:   oiseaux_autumnal_temple

Skill      XL: |  1  2  3  4  5  6  7  8  9 10 11 12 |
---------------+-------------------------------------+-----
Fighting       | 1 2 3 4 6 7 8 |  8.2
Dodging        | 2 |  2.0
Unarmed Combat | 4 5 6 8 10 12 | 12.6
Transmutations | 3 4 5 6 7 8 |  8.5
Spellcasting   | 3 4 5 7 |  7.3
Armour         | 1 2 3 |  3.0
Evocations     | 2 3 |  3.3

Action                   |  1- 3 |  4- 6 |  7- 9 | 10-12 || total
-------------------------+-------+-------+-------+-------++-------
Melee: Unarmed           |   109 |   202 |   315 |   274 ||   900
       Bite              |    25 |    55 |    88 |    85 ||   253
       Headbutt          |     4 |       |    33 |     4 ||    41
       Kick              |     2 |     7 |    14 |       ||    23
       Punch             |     2 |     3 |     9 |    15 ||    29
 Cast: Beastly Appendage |    10 |     6 |    37 |     6 ||    59
       Sticks to Snakes  |       |       |     3 |     1 ||     4
       Blade Hands       |       |       |     1 |    37 ||    38
Invok: Curse Item        |       |       |       |     2 ||     2
  Use: Scroll            |       |     8 |     5 |     5 ||    18
 Stab: Sleeping          |     1 |       |     5 |     1 ||     7
  Eat: Chunk             |     1 |     5 |     7 |    40 ||    53
       Ration            |       |       |     1 |     2 ||     3
Armor: Robe              |    11 |       |       |       ||    11
       Scale mail        |     6 |    10 |       |       ||    16
       Leather armour    |       |    43 |    83 |    63 ||   189
Dodge: Dodged            |    51 |   107 |   196 |   118 ||   472
